 Dungeon Crawl Stone Soup version 0.24-a0-434-gd57e52fea8 (webtiles) character file.

Game seed: 6825574909234757805

60 Anmu the Grave Robber (level 3, -4/19 HPs)
             Began as a Vampire Necromancer on June 16, 2019.
             Slain by a sky beast (7 damage)
             ... on level 2 of the Dungeon.
             The game lasted 00:05:19 (1743 turns).

Anmu the Grave Robber (Vampire Necromancer)         Turns: 1743, Time: 00:05:20

Health: -4/19      AC:  3    Str:  4 (7)  XL:     3   Next: 80%
Magic:  0/7        EV: 17    Int: 16 (18) God:
Gold:   83         SH:  0    Dex: 16 (19) Spells: 6/7 levels left

rFire    . . .     SeeInvis +   (no weapon)
rCold    + + .     Gourm    .   (no shield)
rNeg     + + +     Faith    .   c - +0 leather armour
rPois    ∞         Spirit   .   (no helmet)
rElec    .         Reflect  .   (no cloak)
rCorr    .         Harm     +   (no gloves)
MR       .....                  (no boots)
Stlth    +++++.....             d - amulet of harm
HPRegen  0.00/turn              (no ring)
MPRegen  0.10/turn              (no ring)

@: agile, bloodless, regenerating quickly
A: no food, fangs 3, see invisible, unbreathing
a: Bat Form, Revivify


You were on level 2 of the Dungeon.
You were bloodless.

You visited 1 branch of the dungeon, and saw 2 of its levels.

You collected 83 gold pieces.

Inventory:

Armour
 a - a +0 robe
 c - a +0 leather armour (worn)
Jewellery
 d - an amulet of harm (around neck)
Scrolls
 g - a scroll of remove curse {unknown}
 h - a scroll of fear {unknown}
 j - a scroll of fog {unknown}
 k - a scroll of identify {unknown}


   Skills:
 + Level 0.1 Armour
 + Level 2.2 Dodging
 * Level 3.6 Stealth
 + Level 2.7 Spellcasting
 + Level 5.2 Necromancy


You had 6 spell levels left.
You knew the following spells:

 Your Spells              Type           Power        Failure   Level  Hunger
a - Pain                  Necr           ###.         4%          1    N/A

Your spell library contained the following spells:

 Spells                   Type           Power        Failure   Level  Hunger
 Animate Skeleton         Necr           N/A          4%          1    N/A
 Vampiric Draining        Necr           ###.......   12%         3    N/A
 Regeneration             Chrm/Necr      ##........   34%         3    N/A
 Animate Dead             Necr           N/A          36%         4    N/A

Dungeon Overview and Level Annotations

Branches:
Dungeon (2/15)

Altars:
Cheibriados


Innate Abilities, Weirdness & Mutations

You do not eat.
You do not regenerate when monsters are visible.
You are frail without blood (-20% HP).
You are immune to poison.
You have razor-sharp teeth.
You have supernaturally acute eyesight. (SInv)
You can survive without breathing.


Message History

Aiming: Pain (safe; 4% risk of failure)
Press: ? - help, Shift-Dir - straight line, f/p - sky beast
Aim: a sky beast (almost dead, slightly transparent, chance to defeat MR: 78%)
The sky beast barely resists.
The sky beast misses you.
You hit the sky beast.
The sky beast is almost dead.
The sky beast closely misses you. The worm barely misses you.
You barely miss the sky beast.
The sky beast is almost dead.
The sky beast hits you. The sky beast shocks you.
You hit the sky beast but do no damage.
The sky beast is almost dead.
The sky beast misses you. The worm bites you.
* * * LOW HITPOINT WARNING * * *
You hit the sky beast. You bite the sky beast.
The sky beast is almost dead.
The sky beast hits you.
* * * LOW HITPOINT WARNING * * *
The sky beast shocks you.
You die...

#.........# #.....# .. ###
###.### #.. ... #..# #..###
#.. ##.## #....###.# #..#
#.....# ##.# #####.##.. #Y#
##.....###. #@# ##..######..
#w# #.(## #.# #.# #.## ##.#
#.# ##.# #..# #.# #..# #.##
#.# #.## #.# ######## #.##
#.########.##
##......####..###...........#
##.........÷.................#


You could see a sky beast and a worm.

Vanquished Creatures
  An adder (D:2)
  An ooze (D:1)
  A worm (D:2)
  A dart slug (D:1)
  3 leopard geckos
  6 bats
  2 giant cockroaches
  5 goblins
  3 hobgoblins
  4 jackals (D:1)
  3 kobolds
  2 ball pythons (D:2)
  2 frilled lizards (D:1)
  3 rats
37 creatures vanquished.

Notes
Turn   | Place    | Note
-------+----------+-------------------------------------------
     0 | D:1      | Anmu the Vampire Necromancer began the quest for the Orb.
     0 | D:1      | Reached XP level 1. HP: 13/13 MP: 3/3
   147 | D:1      | Reached XP level 2. HP: 15/15 MP: 0/5
   437 | D:1      | Reached skill level 5 in Necromancy
   860 | D:1      | Found a snail-covered altar of Cheibriados.
   882 | D:1      | Reached XP level 3. HP: 19/19 MP: 3/6
  1702 | D:2      | Noticed a sky beast
  1743 | D:2      | Slain by a sky beast

Levels and vault maps discovered:
D:1:      dpeg_arrival_signposts, layout_loops_ring, grunt_decor_cap,
          corexii_leaking_fountain, cheibriados_altar_1
D:2:      layout_rooms

Skill      XL: |  1  2 |
---------------+-------+-----
Necromancy     | 5 |  5.2
Armour         | |  0.1
Dodging        | |  2.2
Stealth        | |  3.6
Spellcasting   | |  2.7

Action                   || total
-------------------------++-------
Melee: Unarmed           ||    18
       Bite              ||     2
 Cast: Pain              ||    74
 Abil: Exsanguinate      ||     1
  Use: Potion            ||     4
Armor: Leather armour    ||    12
Dodge: Dodged            ||    32

Table legend:
 A = Non-vault XP
 B = Vault XP
 C = Vault XP percentage of total XP
 D = Non-vault monster count
 E = Vault monster count
 F = Vault count percentage of total count
                 A         B        C        D         E       F
            +---------+---------+-------+---------+---------+-------
      Total |      86 |       0 |   0.0 |      37 |       0 |   0.0
            +---------+---------+-------+---------+---------+-------
        D:1 |      45 |       0 |   0.0 |      20 |       0 |   0.0
        D:2 |      41 |       0 |   0.0 |      17 |       0 |   0.0
            +---------+---------+-------+---------+---------+-------
